Map: Prion Terraces

Players

Miszu - Winner!

  • Race: Terran Terran
  • League: Diamond

IlIlllIlIllI

  • Race: Protoss Protoss
  • League: Master

VOD

Have the link to the VOD?

Description

Time

  • Played on: March 25, 2016, 4:15 p.m.
  • Length: 3:56
Show
View Real Time Build Order
Export as new Build Order

Miszu Terran - Winner!

Build Orders:  

Get SALT Encoding   

  12  0:01  SCV  
  13  0:13  SCV  
  14  0:20  Supply Depot  
  14  0:25  SCV  
  15  0:42  Barracks  
  15  0:52  Barracks  
  15  1:05  Barracks  
  15  1:30  Marine, Barracks  
  16  1:39  Marine  
  17  1:40  Supply Depot  
  17  1:48  Marine  
  17  1:54  Marine  
  18  1:57  Marine  
  20  2:06  Marine  
  21  2:11  Marine  
  21  2:14  Marine  
  21  2:24  Marine  
  21  2:29  Marine  
  23  2:34  Marine  
  23  2:35  Marine  
  24  2:41  Marine  
  25  2:47  Marine  
  25  2:52  Marine x2  
  23  2:59  Marine  
  23  3:05  Marine  
  25  3:09  Marine  
  25  3:10  Marine  
  27  3:17  Marine  
  26  3:23  Marine  
  27  3:27  Marine  
  27  3:28  Marine  
  27  3:29  Supply Depot  
  29  3:35  Marine  
Show
View Real Time Build Order
Export as new Build Order

IlIlllIlIllI Protoss 

Build Orders:  

Get SALT Encoding   

  12  0:01  Probe (Chrono Boost)  
  13  0:11  Probe (Chrono Boost)  
  14  0:18  Pylon  
  14  0:22  Probe (Chrono Boost)  
  15  0:36  Gateway, Probe (Chrono Boost)  
  16  0:47  Probe (Chrono Boost), Assimilator  
  17  0:57  Probe (Chrono Boost)  
  18  1:08  Probe (Chrono Boost)  
  19  1:25  Cybernetics Core, Zealot (Chrono Boost)  
  21  1:30  Pylon  
  21  1:32  Probe  
  22  1:37  Assimilator  
  22  1:48  Probe  
  22  1:49  Zealot (Chrono Boost)  
  25  2:01  Probe (Chrono Boost)  
  26  2:12  Pylon, Mothership Core (Chrono Boost)  
  26  2:13  Adept (Chrono Boost)  
  30  2:30  Probe (Chrono Boost)  
  30  2:31  Pylon  
  31  2:40  Adept (Chrono Boost)  
  31  2:43  Gateway  
  33  2:47  Probe  
  28  3:04  Adept (Chrono Boost)  
  26  3:21  Probe  
  26  3:26  Pylon  
  27  3:28  Pylon  
  27  3:31  Adept (Chrono Boost), Pylon  
  27  3:33  Probe  
Tags
 
Add a new tag
Caveats
  • Supply blocks, unpowered buildings, or Contaminate may cause inaccurate times.
  • Supply counts are checked every 10 seconds.